 Dungeon Crawl Stone Soup version 0.28-a0-1447-ga5a8893891 (webtiles) character file.

Game seed: 10089147652372086603

121 1player the Slasher (level 5, -4/40 HPs)
             Began as a Djinni Monk on Jan 10, 2022.
             Was a Believer of Elyvilon.
             Killed from afar by an orc wizard (8 damage)
             ... with a magic dart
             ... on level 5 of the Dungeon.
             The game lasted 00:11:10 (3366 turns).

1player the Slasher (Djinni Monk)                   Turns: 3366, Time: 00:11:11

Health: -4/40      AC:  7    Str:  9 (10) XL:     5   Next: 26%
Gold:   134        EV: 12    Int: 11 (14) God:    Elyvilon [**....] SH:  0 Dex: 15

rFire   + + .      SeeInvis .   a - +0 falchion
rCold   x . .      Faith    .   (no shield)
rNeg    . . .      Spirit   .   r - +3 leather armour
rPois   ∞          Reflect  .   h - +0 helmet
rElec   .          Harm     .   (no cloak)
rCorr   .          Rampage  .   (no gloves)
Will    .....                   (boots unavailable)
Stlth   +.........              (no amulet)
HPRegen 0.13/turn               (no ring)
MPRegen 0.00/turn               (no ring)

@: confused, flying
A: sickness immunity, fire resistance 2, cold vulnerability 1, float, innate
caster, hp casting, extra vitality 1
a: Renounce Religion, Purification, Heal Other


You were on level 5 of the Dungeon.
You worshipped Elyvilon.
Elyvilon was pleased with you.
You visited 1 branch of the dungeon, and saw 6 of its levels.

You collected 134 gold pieces.

Inventory:

Hand Weapons
 a - a +0 falchion (weapon)
Armour
 h - a +0 helmet (worn)
 r - a +3 leather armour (worn)
Jewellery
 l - a ring of fire
Scrolls
 c - a scroll of enchant weapon {unknown}
 d - a scroll of teleportation {unknown}
 g - a scroll of noise {unknown}
 m - 2 scrolls of fog {unknown}
Potions
 f - a potion of berserk rage {unknown}
 k - a potion of lignification {unknown}
 n - a potion of curing {@q1}


   Skills:
 + Level 3.2 Fighting
 * Level 4.1 Long Blades
 - Level 3.2 Dodging
 - Level 1.5 Stealth
 * Level 2.0 Spellcasting


You had 5 spell levels left.
You knew the following spells:

 Your Spells              Type           Power      Damage    Failure   Level
a - Slow                  Hex            20%        N/A       19%         1
b - Scorch                Fire           10%        2d6       26%         2
Your spell library was empty.

Dungeon Overview and Level Annotations

Branches:
Dungeon (6/15)             Temple (0/1) D:4

Altars:
Elyvilon


Innate Abilities, Weirdness & Mutations

You are immune to sickness and miasma.
You are immune to poison.
Your flesh is very heat resistant. (rF++)
You are vulnerable to cold. (rC-)
You float through the air rather than walking.
You learn spells naturally, not from books.
Your magical power is your life essence.
You have superior vitality. (+4 MHP)


Message History

* * * LOW HITPOINT WARNING * * *
Casting: Scorch (dangerous; 26% risk of failure)
Confirm with . or Enter, or press ? or * to list all spells.
The spell is dangerous to miscast (26% risk of failure)!
Continue anyway?
You miscast Scorch.
You are very lightly contaminated with residual magic.
Nothing appears to happen.
* * * LOW HITPOINT WARNING * * *
There is a stone staircase leading down here.
The ogre closely misses you.
You fly downwards.
You hear the sound of rushing water.
There is an entrance to a sewer on this level.
Hurry and find it before the portal rusts away!
Found 7 gold pieces and 15 stones.
Found an escape hatch in the floor.
Found a stone staircase leading up.
There is a stone staircase leading up here.
Okay, then.
Found a stone staircase leading down.
Your magical contamination has completely faded away.
An ice beast comes into view.
The bullfrog zombie hits you but does no damage.
There is a stone staircase leading up here.
The bullfrog zombie closely misses you. The ogre misses you.
You fly upwards.
The jelly quivers.
The orc shouts!
The kobold shouts!
The orc wizard mumbles some strange words.
The orc wizard flickers and vanishes!
Deactivating autopickup; reactivate with Ctrl-A.
The orc shouts!
The orc priest shouts!
You hear a shout! x2
Found 14 gold pieces, a pair of boots and a fuming black potion.
Found a stone staircase leading down.
There is a stone staircase leading down here.
An orc wizard comes into view. It is wielding a +1 dagger of draining.
The orc priest looks braver for a moment.
The orc wizard casts a spell at you.
You are confused.
A magic dart appears from out of thin air!
The magic dart hits you!
You die...

.....o.o...........#.
#o#...............#.
#..o#..J..........#.
#..##..>.{.......<.
#..K......##....#.
##$......#.#.....#.
###............#####.
#.....O....[..## ##
#...@.........#
.................#
.............#####
......#......#
....###........ ....
.......### ###
.####### #


You could see an ogre, a jelly, an orc and a kobold.

Vanquished Creatures
  2 adders
  5 orcs
  6 ball pythons
  8 endoplasms
  4 giant cockroaches
  5 hobgoblins
  5 quokkas
  4 bats
  6 frilled lizards
  5 goblins
  9 kobolds
  5 rats
64 creatures vanquished.

Vanquished Creatures (others)
  15 plants (D:2)
15 creatures vanquished.

Grand Total: 79 creatures vanquished

Notes
Turn   | Place    | Note
-------+----------+-------------------------------------------
     0 | D:1      | 1player the Djinni Monk began the quest for the Orb.
     0 | D:1      | Reached XP level 1. HP: 20/20 MP: 0/0
   135 | D:1      | Reached skill level 3 in Long Blades
   166 | D:1      | Reached XP level 2. HP: 22/25 MP: 0/0
   216 | D:1      | Found a faded altar of an unknown god.
   669 | D:2      | Reached XP level 3. HP: 24/30 MP: 0/0
   669 | D:2      | Learned a level 1 spell: Slow
   926 | D:2      | Reached skill level 4 in Long Blades
  1363 | D:2      | Reached XP level 4. HP: 33/35 MP: 0/0
  1529 | D:2      | Reached skill level 1 in Spellcasting
  2764 | D:3      | Found a white marble altar of Elyvilon.
  2875 | D:3      | Became a worshipper of Elyvilon the Healer
  2875 | D:3      | Reached * piety under Elyvilon
  2875 | D:3      | Reached ** piety under Elyvilon
  2878 | D:3      | You are sucked into a shaft and drop 1 floor!
  2955 | D:4      | Found a staircase to the Ecumenical Temple.
  2969 | D:4      | Noticed an ogre
  3090 | D:5      | Entered Level 5 of the Dungeon
  3098 | D:5      | Reached XP level 5. HP: 9/40 MP: 0/0
  3098 | D:5      | Learned a level 2 spell: Scorch
  3358 | D:6      | Noticed an ice beast
  3366 | D:5      | Killed from afar by an orc wizard

Illustrated notes

Levels and vault maps discovered:
D:1:      nzn_arrival_depleted_hourglass, layout_rooms,
          chequers_ecumenical_altar_simple_redux
D:2:      layout_basic, lexackson_kobold_supper
D:3:      layout_loops_ring, nicolae_elyvilon_peaceful_grove,
          supply_closet_lemuel, minmay_close_crescents
D:4:      layout_loops_ring, nicolae_ashenzari_panopticon,
          minmay_temple_entry_overgrown
D:5:      layout_rooms, nicolae_shop_firing_range
D:6:      layout_rooms, grunt_gozag_statues, serial_undead, serial_undead_a,
          serial_undead_b, serial_undead_e, serial_undead_d,
          portal_sewer_entry_b, minmay_manual_mail, uniq_maggie

Skill      XL: |  1  2  3  4 |
---------------+-------------+-----
Long Blades    | 3 4 |  4.1
Spellcasting   | 2 |  2.0
Fighting       | |  3.2
Dodging        | |  3.2
Stealth        | |  1.5

Action                   |  1- 3 |  4- 6 || total
-------------------------+-------+-------++-------
Melee: Falchion          |   104 |   109 ||   213
       Punch             |       |     1 ||     1
 Cast: Scorch            |       |     1 ||     1
Invok: Heal Other        |       |     1 ||     1
  Use: Scroll            |       |     2 ||     2
       Potion            |       |     2 ||     2
 Stab: Sleeping          |     1 |     2 ||     3
Armor: Robe              |    19 |       ||    19
       Leather armour    |    15 |    50 ||    65
Dodge: Dodged            |    69 |    94 ||   163

Table legend: (Time is in decaauts)
 A = Elapsed time spent in this place.
 B = Non-inter-level travel time spent in this place.
 C = Inter-level travel time spent in this place.
 D = Time resting spent in this place.
 E = Time spent auto-exploring this place.
 F = Levels seen in this place.
 G = Mean time per level.
                   A        B        C        D        E       F      G
               +--------+--------+--------+--------+--------+-----+--------+
         Total |   3392 |   3343 |     49 |   1166 |   1043 |   6 |  565.3 |
       Dungeon |   3392 |   3343 |     49 |   1166 |   1043 |   6 |  565.3 |
               +--------+--------+--------+--------+--------+-----+--------+

Top non-repeatable levels by time:
     D:2: 1893 daAuts
     D:1: 659 daAuts
     D:3: 348 daAuts
     D:5: 266 daAuts
     D:4: 215 daAuts
     D:6: 8 daAuts
